 Dungeon Crawl Stone Soup version 0.25-b1-46-gb8a1ec05df (webtiles) character file.

Game seed: 7751571788018765064

1722 gruber the Cudgeler (level 9, 0/48 HPs)
             Began as a Vine Stalker Fighter on June 9, 2020.
             Was an Initiate of Makhleb.
             Killed by divine providence
             ... invoked by an orc priest
              (11 damage)
             ... on level 7 of the Dungeon.
             The game lasted 00:05:39 (5335 turns).

gruber the Cudgeler (Vine Stalker Fighter)          Turns: 5335, Time: 00:05:39

Health: 0/48       AC:  6    Str: 22    XL:     9   Next: 4%
Magic:  0/19       EV:  7    Int:  8    God:    Makhleb [......]
Gold:   319        SH: 10    Dex: 24    Spells: 6/8 levels left

rFire    . . .     SeeInvis .   h - +9 mace of Emudiyddo {venom, Dex+4}
rCold    . . .     Gourm    .   c - +0 kite shield
rNeg     . . .     Faith    .   b - +0 scale mail
rPois    .         Spirit   +   (no helmet)
rElec    .         Reflect  .   (no cloak)
rCorr    .         Harm     .   (no gloves)
MR       +....                  (no boots)
Stlth    +.........             (no amulet)
HPRegen  0.56/turn              q - +6 ring of dexterity
MPRegen  0.16/turn              i - ring of magical power

@: no status effects
A: fangs 3, regeneration 1, magic shield, antimagic bite, no potion heal 3, rot
immunity
a: Renounce Religion


You were on level 7 of the Dungeon.
You worshipped Makhleb.
Makhleb was noncommittal.
You were not hungry.

You visited 2 branches of the dungeon, and saw 8 of its levels.

You collected 319 gold pieces.

Inventory:

Hand Weapons
 a - a +0 rapier
 h - the +9 mace of Emudiyddo (weapon) {venom, Dex+4}
   (You found it on level 4 of the Dungeon)

   It poisons the flesh of those it strikes.
   It affects your dexterity (+4).
 p - a +4 short sword
 u - a +1 rapier of venom
Missiles
 o - 37 poisoned darts (quivered)
Armour
 b - a +0 scale mail (worn)
 c - a +0 kite shield (worn)
Jewellery
 i - a ring of magical power (right hand)
 q - a +6 ring of dexterity (left hand)
 r - a cursed amulet of inaccuracy {unknown}
 y - a +6 ring of strength
Wands
 t - a wand of acid (7)
 x - a wand of digging (4)
 B - a wand of polymorph (9)
Scrolls
 e - 4 scrolls of remove curse
 g - 3 scrolls of teleportation {unknown}
 k - 2 scrolls of magic mapping {unknown}
 l - 3 scrolls of fog {unknown}
 m - 8 scrolls of identify
 n - a scroll of fear {unknown}
Potions
 d - 3 potions of might
 j - a potion of stabbing {unknown}
 s - a potion of haste {unknown}
 v - a potion of flight {unknown}
 w - a potion of curing {unknown}
 z - a potion of resistance {unknown}
 C - a potion of cancellation {unknown}
Comestibles
 f - 5 rations
 A - 2 chunks of flesh


   Skills:
 * Level 6.0 Fighting
 - Level 6.0 Short Blades
 - Level 6.4 Maces & Flails
 - Level 2.4 Armour
 - Level 2.6 Shields


You had 6 spell levels left.
You knew the following spells:

 Your Spells              Type           Power        Failure   Level  Hunger
a - Blink                 Tloc           N/A          100%        2    ###....

Your spell library contained the following spells:

 Spells                   Type           Power        Failure   Level  Hunger
 Magic Dart               Conj           #...         99%         1    ##.....
 Call Imp                 Summ           #.......     100%        2    ###....
 Slow                     Hex            #.......     100%        2    ###....
 Conjure Flame            Conj/Fire      #.......     100%        3    ####...
 Mephitic Cloud           Conj/Pois/Air  #.......     100%        3    ####...


Dungeon Overview and Level Annotations

Branches:
Dungeon (7/15)             Temple (1/1) D:6

Altars:
Ashenzari
Cheibriados
Dithmenos
Elyvilon
Fedhas
Gozag
Hepliaklqana
Kikubaaqudgha
Makhleb
Nemelex Xobeh
Okawaru
Qazlal
Ru
Sif Muna
Trog
Uskayaw
Vehumet
Wu Jian
Xom
Yredelemnul
Zin
The Shining One

Shops:
D:5 =(


Innate Abilities, Weirdness & Mutations

You have razor-sharp teeth.
Your natural rate of healing is unusually fast.
When hurt, damage is shared between your health and your magic reserves.
Your bite disrupts and absorbs the magic of your enemies.
Potions cannot restore your health.
You are immune to rotting.


Message History

The orc warrior is lightly wounded.
The orc warrior hits you with a +0 short sword!
You hit the orc warrior but do no damage.
The orc warrior is poisoned.
Your bite misses the orc warrior.
The orc warrior is lightly wounded.
The orc warrior closely misses you.
You closely miss the orc warrior.
You bite the orc warrior, but do no damage.
The orc warrior is moderately wounded.
The orc warrior hits you with a +0 short sword!!
You barely miss the orc warrior. You bite the orc warrior. You drain its power.
You feel invigorated.
The orc warrior is moderately wounded.
The orc warrior hits you with a +0 short sword!
* * * LOW HITPOINT WARNING * * *
The orc priest calls upon Beogh to heal the orc warrior.
The orc warrior is healed somewhat.
You block the orc warrior's attack.
The orc priest calls down the wrath of Beogh upon you.
Beogh smites you!
You die...

....y...###.#.##...........
.........##......###.....##
........... #..........#.#
#......y..###............#
#.......................##
.........# #............#
...#.#y####.....().....###
#....oo..#.##.####....#..
#..##.#.##@......###....#..
.....#####.#........(#..
....... #.####.........
#..####.. ...............
... ..> ..........####.. #.
#.#......#####..###.. ..
#.....# #....... #.....#
#....... ####....


You could see an orc warrior (very poisoned), a killer bee and an orc priest.

Vanquished Creatures
  Grinder (D:3)
  Menkaure (D:7)
  An ice beast (D:5)
  An orc warrior (D:6)
  3 ogres
  Blork the orc (D:5)
  A gnoll sergeant (D:6)
  A scorpion (D:5)
  2 killer bees (D:7)
  A howler monkey (D:6)
  A crimson imp (D:5)
  3 orc priests (D:6)
  A centaur zombie (D:6)
  3 hounds
  4 orc wizards
  2 bullfrog skeletons
  A centaur skeleton (D:4)
  An iguana (D:6)
  A worker ant (D:4)
  5 adders
  7 gnolls
  A shadow imp (D:5)
  An ooze (D:3)
  An adder zombie (D:5)
  4 worms
  A dart slug (D:1)
  4 leopard geckos
  17 orcs
  3 giant cockroaches
  8 goblins
  8 hobgoblins
  8 jackals
  A ball python (D:1)
  6 bats
  6 frilled lizards
  A jackal skeleton (D:4)
  3 kobolds (D:3)
  A leopard gecko skeleton (D:7)
  3 rats
119 creatures vanquished.

Notes
Turn   | Place    | Note
-------+----------+-------------------------------------------
     0 | D:1      | gruber the Vine Stalker Fighter began the quest for the
                  | Orb.
     0 | D:1      | Reached XP level 1. HP: 11/11 MP: 2/2
   427 | D:1      | Reached XP level 2. HP: 16/16 MP: 3/3
   979 | D:2      | Reached XP level 3. HP: 19/19 MP: 4/4
  1219 | D:2      | Gained mutation: Your natural rate of healing is unusually
                  | fast. [Vine Stalker growth]
  1219 | D:2      | Reached XP level 4. HP: 5/23 MP: 5/5
  1851 | D:3      | Found a stormy altar of Qazlal.
  1951 | D:3      | Reached XP level 5. HP: 27/27 MP: 6/6
  2119 | D:3      | Noticed Grinder
  2122 | D:3      | Paralysed by Grinder for 7 turns
  2136 | D:3      | Killed Grinder
  2136 | D:3      | Reached XP level 6. HP: 8/32 MP: 7/7
  2499 | D:4      | Got a crystal mace
  2500 | D:4      | Identified the +9 mace of Emudiyddo {venom, Dex+4} (You
                  | found it on level 4 of the Dungeon)
  2532 | D:4      | Reached XP level 7. HP: 36/36 MP: 8/8
  2534 | D:4      | Reached skill level 1 in Maces & Flails
  2921 | D:4      | Found a white marble altar of Elyvilon.
  2956 | D:5      | Entered Level 5 of the Dungeon
  3092 | D:5      | Found Joruc's Jewellery Shop.
  3441 | D:5      | Gained mutation: You have razor-sharp teeth. [Vine Stalker
                  | growth]
  3441 | D:5      | Reached XP level 8. HP: 32/41 MP: 9/9
  3475 | D:5      | Found Loaqo's Weapon Shoppe.
  3600 | D:5      | Noticed Blork the orc
  3611 | D:5      | Killed Blork the orc
  3611 | D:5      | Reached skill level 5 in Maces & Flails
  3931 | D:6      | Found Vatouj's Magic Scroll Shop.
  4176 | D:6      | Learned a level 2 spell: Blink
  4723 | D:6      | Found a staircase to the Ecumenical Temple.
  4767 | D:6      | Found a shattered altar of Ashenzari.
  4946 | Temple   | Entered the Ecumenical Temple
  5110 | Temple   | Became a worshipper of Makhleb the Destroyer
  5205 | D:7      | Noticed Menkaure
  5211 | D:7      | Killed Menkaure
  5211 | D:7      | Reached skill level 5 in Fighting
  5324 | D:7      | Reached XP level 9. HP: 46/48 MP: 10/10
  5335 | D:7      | Killed from afar by an orc priest

Illustrated notes

Levels and vault maps discovered:
D:1:      dpeg_arrival_another_circle, layout_basic, minmay_hedge_maze
D:2:      layout_loops_ring, nrook_uturn
D:3:      layout_rooms, grunt_qazlal_clouds, uniq_grinder
D:4:      layout_rooms, kennysheep_little_box, first_ration
D:5:      layout_gridville, serial_shops, shop, shop, minivault_24,
          uniq_blork_the_orc
D:6:      layout_basic, temple_hall_moat, serial_shops, shop, basic_altar
D:7:      layout_rooms, uniq_menkaure
Temple:   roderic_octagonal_lattice_temple

Skill      XL: |  1  2  3  4  5  6  7  8  9 |
---------------+----------------------------+-----
Short Blades   | 2 3 4 6 |  6.0
Fighting       | 3 5 6 |  6.0
Maces & Flails | 4 6 |  6.4
Armour         | |  2.4
Shields        | |  2.6

Action                   |  1- 3 |  4- 6 |  7- 9 || total
-------------------------+-------+-------+-------++-------
Melee: Rapier            |    94 |    93 |       ||   187
       Bite              |    24 |    36 |    68 ||   128
       Short sword       |       |    19 |       ||    19
       Mace              |       |     2 |   129 ||   131
  Use: Scroll            |       |     3 |       ||     3
  Eat: Chunk             |     1 |     4 |     9 ||    14
Armor: Scale mail        |    40 |    36 |    30 ||   106
Dodge: Dodged            |    27 |    18 |    24 ||    69
Block: Kite shield       |    35 |    51 |    67 ||   153
